 Dungeon Crawl Stone Soup version 0.28-a0-239-g68911e0c57 (webtiles) character file.

Game seed: 9995460032811827921

7288 PentaManta the Grappler (level 11, -2/82 HPs)
             Began as a Ghoul Abyssal Knight on Aug 23, 2021.
             Was a Priest of Lugonu.
             Killed by divine providence
             ... invoked by an orc priest
              (8 damage)
             ... on level 9 of the Dungeon.
             The game lasted 00:23:31 (12857 turns).

PentaManta the Grappler (Ghoul Abyssal Knight)     Turns: 12857, Time: 00:23:35

Health: -2/82      AC: 17    Str: 20    XL:     11   Next: 12%
Magic:  8/16       EV:  9    Int:  7    God:    Lugonu [***...]
Gold:   731        SH:  5    Dex:  8    Spells: 10/10 levels left

rFire   . . .      SeeInvis .     - Unarmed
rCold   + . .      Faith    .   q - +0 buckler
rNeg    + + +      Spirit   .   c - +0 plate armour
rPois   ∞          Reflect  .   G - +0 helmet
rElec   .          Harm     .   m - +0 cloak
rCorr   .          Rampage  ∞   (no gloves)
Will    +....                   a - +3 pair of seven-league boots {Rampage+∞}
Stlth   ..........              (no amulet)
HPRegen 0.00/turn               e - ring of willpower
MPRegen 0.15/turn               C - +4 ring of evasion

@: inhibited regen
A: claws 1, cold resistance 1, negative energy resistance 3, inhibited
regeneration, torment resistance 2
a: Renounce Religion, Depart the Abyss, Bend Space, Banish


You were on level 9 of the Dungeon.
You worshipped Lugonu.
Lugonu was most pleased with you.
You visited 2 branches of the dungeon, and saw 11 of its levels.
You visited the Abyss 1 time.

You collected 731 gold pieces.

Inventory:

Hand Weapons
 F - a +2 falchion of flaming
 L - a +2 dagger of venom
Missiles
 g - 55 poisoned darts
 u - 7 boomerangs (quivered)
Armour
 a - the +3 pair of seven-league boots (worn) {Rampage+∞}
   (You acquired it on level 9 of the Dungeon)

   Its wearer moves as far as possible in that direction when moving towards
   enemies.
 c - a +0 plate armour (worn)
 k - a +0 kite shield
 l - a +0 pair of boots
 m - a +0 cloak (worn)
 q - a +0 buckler (worn)
 t - a +0 chain mail
 v - a +0 pair of gloves
 y - a +1 scale mail of fire resistance
 G - a +0 helmet (worn)
 H - a scarf of shadows
Jewellery
 e - a ring of willpower (left claw)
 C - a +4 ring of evasion (right claw)
Wands
 x - a wand of digging (6)
 z - a wand of iceblast (13)
 E - a wand of acid (9)
 J - a wand of paralysis (11)
Scrolls
 d - a scroll of magic mapping
 h - a scroll of torment {unknown}
 i - a scroll of amnesia {unknown}
 w - 2 scrolls of fear {unknown}
 B - a scroll of noise {unknown}
 I - a scroll of silence {unknown}
 K - a scroll of identify
Potions
 b - 5 potions of flight
 f - a potion of brilliance
 j - a potion of might
 n - 4 potions of curing
 o - a potion of cancellation
 p - 2 potions of berserk rage
 r - a potion of attraction
 s - a potion of magic
 A - a potion of lignification
 D - a potion of degeneration


   Skills:
 - Level 3.2 Fighting
 - Level 1.7 Armour
 - Level 0.8 Dodging
 * Level 9.7 Shields
 + Level 11.3 Unarmed Combat
 - Level 9.1 Invocations


You had 10 spell levels left.
You didn't know any spells.
Your spell library contained the following spells:

 Spells                   Type           Power      Damage    Failure   Level
 Apportation              Tloc           0%         N/A       100%        1
 Magic Dart               Conj           0%         1d3       100%        1
 Call Imp                 Summ           0%         N/A       100%        2
 Dazzling Flash           Conj/Hex       0%         N/A       100%        3
 Mephitic Cloud           Conj/Pois/Air  0%         N/A       100%        3
 Hailstorm                Conj/Ice       0%         3d3       100%        4
 Agony                    Necr           0%         N/A       100%        5
 Alistair's Intoxication  Tmut/Pois      0%         N/A       100%        5
 Silence                  Hex/Air        0%         N/A       100%        5
 Invisibility             Hex            0%         N/A       100%        6
 Simulacrum               Ice/Necr       0%         N/A       100%        6
 Ice Form                 Ice/Tmut       Unusable   N/A       N/A         4

Dungeon Overview and Level Annotations

Branches:
Dungeon (10/15)            Temple (1/1) D:5             Orc (0/2) D:9
   Lair: D:8-11

Altars:
Ashenzari
Cheibriados
Dithmenos
Elyvilon
Fedhas
Gozag
Hepliaklqana
Kikubaaqudgha
Makhleb
Nemelex Xobeh
Okawaru
Qazlal
Ru
Sif Muna
Trog
Uskayaw
Vehumet
Wu Jian
Xom
Yredelemnul
Zin
The Shining One
Beogh

Shops:
D:4 =

Annotations:
D:3 exclusions: angel and profane servitor


Innate Abilities, Weirdness & Mutations

You thrive by killing the living.
You are immune to poison.
You have sharp fingernails.
Your flesh is cold resistant. (rC+)
You are immune to negative energy. (rN+++)
You do not regenerate when monsters are visible.
You are immune to unholy pain and torment.


Message History

The centaur warrior hits you!
* * * LOW HITPOINT WARNING * * *
The centaur warrior kicks you but does no damage.
The yak gores you.
* * * LOW HITPOINT WARNING * * *
Space bends around you!
You blink.
You close the door.
There is a stone staircase leading down here.
You climb downwards.
Found 10 gold pieces.
There is a stone staircase leading up here.
You start resting.
HP restored.
You climb upwards.
There is a stone staircase leading down here.
The centaur warrior wields a +0 shortbow.
The centaur warrior shoots an arrow.
The arrow hits you!
The centaur warrior shoots an arrow.
The arrow hits you!
The orc priest mumbles some strange prayers to Beogh against you.
Beogh smites you!
The centaur warrior shoots an arrow.
The arrow hits you!
The centaur warrior shoots an arrow.
The arrow hits you!!
* * * LOW HITPOINT WARNING * * *
The centaur warrior unwields a +0 shortbow.
The centaur warrior barely misses you. x2; The centaur warrior hits you.
* * * LOW HITPOINT WARNING * * *
The centaur warrior kicks you but does no damage.
Press: ? - help, Shift-Dir - straight line, f - centaur warrior
Aim: a centaur warrior, quivering arrows (chance to affect: 73%)
The centaur warrior struggles to resist.
You can no longer corrupt the fabric of space.
You block the orc priest's attack. The centaur warrior hits you.
* * * LOW HITPOINT WARNING * * *
You block the centaur warrior's attack.
Press: ? - help, Shift-Dir - straight line, f/p - centaur warrior
Aim: a centaur warrior, quivering arrows (chance to affect: 73%)
The centaur warrior is devoured by a tear in reality.
Lugonu claims a new guest.
The orc priest calls down the wrath of Beogh upon you.
Beogh smites you!
You die...

#..###..................)......
#..........#.........##........
##....................#....#####
#....................##....8#...
###..#...........#..........#.o.
#####..........#.......>..'.._
##....................#...
########........§o§.........8#...
#...##..........@§§#+############
....(...........####Y8#### #.
...............##!.'c.o..##** #.
...............#..8#..#8..#.** #.
...............#.########.#..*##.
.........>.....#+#/$,,))#+#..##..
#####..........#.###*+###.#...##.
###........#.s8*,,*8..#......
#........##,,+,,+,,##......


You could see an orc priest.

Vanquished Creatures
  A two-headed ogre (D:9)
  A cyclops (D:9)
  Joseph (D:7)
  A kobold demonologist (D:6)
  The ghost of papapa55 the Cudgeller, an amateur MiBe of Trog (D:5)
  Grinder (D:3)
  Sigmund (D:3)
  A wraith (D:9)
  5 yaks (D:8)
  3 wyverns (D:9)
  Eustachio (D:7)
  Grum (D:8)
  Edmund (D:6)
  A water moccasin (D:8)
  4 orc warriors
  Duvessa (D:6)
  An ice beast (D:6)
  A sky beast (D:6)
  A black bear (D:5)
  A necrophage (D:7)
  2 ogres (D:4)
  A wolf (D:8)
  4 centaurs
  A kobold brigand (D:4)
  3 bullfrogs
  A gnoll sergeant (D:7)
  A scorpion (D:6)
  A water moccasin skeleton (D:5)
  Dowan (D:6)
  6 killer bees (D:7)
  2 bullfrog zombies
  2 jellies (D:7)
  3 centaur zombies
  4 orc priests
  A gnoll shaman (D:4)
  3 bullfrog skeletons
  A centaur skeleton (D:7)
  A hound (D:5)
  4 iguanas
  5 orc wizards
  A killer bee zombie (D:4)
  2 howler monkey zombies
  8 adders
  14 gnolls
  2 shadow imps
  3 white imps
  A dart slug (D:4)
  21 orcs
  6 bats
  6 endoplasms
  2 giant cockroaches (D:3)
  3 goblins
  6 hobgoblins
  8 jackals
  4 quokkas
  3 ball pythons
  3 frilled lizards
  9 kobolds
  5 rats
183 creatures vanquished.

Vanquished Creatures (others)
  8 plants (D:5)
  2 withered plants (D:5)
10 creatures vanquished.

Grand Total: 193 creatures vanquished

Notes
Turn   | Place    | Note
-------+----------+-------------------------------------------
     0 | Abyss:1  | PentaManta the Ghoul Abyssal Knight began the quest for the
                  | Orb.
     0 | Abyss:1  | Reached XP level 1. HP: 19/19 MP: 1/1
    10 | D:1      | Escaped the Abyss
   167 | D:1      | Found a faded altar of an unknown god.
   325 | D:1      | Reached skill level 3 in Unarmed Combat
   325 | D:1      | Reached XP level 2. HP: 23/26 MP: 2/2
  1060 | D:2      | Reached XP level 3. HP: 29/31 MP: 3/3
  1334 | D:2      | Reached skill level 4 in Unarmed Combat
  1491 | D:3      | Found an iron altar of Okawaru.
  1585 | D:3      | Noticed Sigmund
  1597 | D:3      | Killed Sigmund
  1598 | D:3      | Reached skill level 5 in Unarmed Combat
  1598 | D:3      | Reached XP level 4. HP: 20/38 MP: 4/4
  1598 | D:3      | Reached XP level 5. HP: 24/45 MP: 5/5
  1754 | D:3      | Noticed Grinder
  1764 | D:3      | Killed Grinder
  1765 | D:3      | Reached skill level 6 in Unarmed Combat
  1765 | D:3      | Reached XP level 6. HP: 27/51 MP: 6/6
  1949 | D:3      | Noticed an angel
  1958 | D:3      | Found a basalt altar of Yredelemnul.
  1960 | D:3      | Noticed a profane servitor
  2094 | D:3      | Found a hazy altar of Hepliaklqana.
  2254 | D:3      | Found Xutusot's Distillery.
  2390 | D:3      | Found a bloodstained altar of Trog.
  2400 | D:3      | Reached ** piety under Lugonu
  2579 | D:4      | Reached XP level 7. HP: 36/57 MP: 7/7
  3010 | D:4      | Found Gimifyll's Jewellery Boutique.
  3467 | D:4      | Reached skill level 7 in Unarmed Combat
  4242 | D:5      | Entered Level 5 of the Dungeon
  4266 | D:5      | Reached skill level 5 in Shields
  4316 | D:5      | Reached XP level 8. HP: 63/63 MP: 8/8
  4317 | D:5      | Found a shimmering blue altar of Sif Muna.
  4400 | D:5      | Found a burning altar of Makhleb.
  4533 | D:5      | Found a runed translucent door.
  4534 | D:5      | Noticed papapa55's ghost (amateur MiBe)
  4736 | D:5      | Found a sacrificial altar of Ru.
  4786 | D:5      | Reached skill level 8 in Unarmed Combat
  4804 | D:5      | Found a staircase to the Ecumenical Temple.
  5439 | D:6      | Reached *** piety under Lugonu
  5492 | D:6      | Noticed Edmund
  5502 | D:6      | Killed Edmund
  5503 | D:6      | Reached skill level 9 in Unarmed Combat
  5674 | Temple   | Entered the Ecumenical Temple
  5914 | D:5      | Reached XP level 9. HP: 59/70 MP: 10/10
  6342 | D:5      | Killed papapa55's ghost
  6785 | D:6      | Noticed Eustachio
  6786 | D:6      | Noticed Dowan
  6787 | D:6      | Noticed Duvessa
  6869 | D:7      | Killed Eustachio
  7105 | D:6      | Killed Dowan
  7262 | D:6      | Killed Duvessa
  7263 | D:6      | Reached skill level 5 in Invocations
  7666 | D:6      | Noticed a kobold demonologist
  7844 | D:6      | Reached skill level 10 in Unarmed Combat
  7883 | D:6      | Noticed a rust devil
  7888 | D:6      | Noticed a rust devil
  7899 | D:6      | Killed a kobold demonologist
  8659 | D:7      | Noticed Joseph
  8671 | D:7      | Killed Joseph
  8672 | D:7      | Reached XP level 10. HP: 63/77 MP: 12/14
  9092 | D:8      | Noticed Grum
  9116 | D:8      | Killed Grum
  9692 | D:8      | Found a radiant altar of Vehumet.
 10469 | D:9      | Identified a scroll of acquirement
 10469 | D:9      | Acquired the +3 pair of seven-league boots {Rampage+∞}
 10469 | D:9      | Found the +3 pair of seven-league boots {Rampage+∞}
 10514 | D:9      | Noticed a cyclops
 10522 | D:9      | Killed a cyclops
 10716 | D:9      | Noticed a two-headed ogre
 11826 | D:9      | Identified the +1 robe of Qyngy {Dex+4}
 11837 | D:9      | Found a staircase to the Orcish Mines.
 11903 | D:9      | Killed a two-headed ogre
 11904 | D:9      | Reached skill level 11 in Unarmed Combat
 11934 | D:9      | Reached XP level 11. HP: 74/82 MP: 16/16
 12549 | D:9      | Noticed a centaur warrior
 12553 | D:9      | Reached **** piety under Lugonu
 12561 | D:9      | Noticed an orb spider
 12582 | D:10     | Entered Level 10 of the Dungeon
 12857 | D:9      | Banished a centaur warrior
 12857 | D:9      | Killed from afar by an orc priest

Illustrated notes

Levels and vault maps discovered:
D:1:      lemuel_arrival_broad_hall, layout_basic, serial_forest,
          infiniplex_forest_straight_2, infiniplex_forest_lined_2,
          infiniplex_forest_lined_3, infiniplex_forest_straight_4,
          hellmonk_ecumenical_altar_blasted, minmay_statues_item,
          dk_noncrumbling_4, minivault_19
D:2:      layout_basic
D:3:      layout_loops_ring, grunt_temple_overflow_holy_war, okawaru_trees_1,
          worldfamousw_hep_ancestral_shrine, trog_antimagical, serial_shops,
          nicolae_shop_behind_doors, uniq_grinder, uniq_sigmund
D:4:      layout_gridville, serial_shops, kennysheep_little_box
D:5:      layout_loops_ring, tgw_sif, overflow_temple_1_default,
          amcnicky_altar_gilded, minmay_temple_entry_gardened_gates,
          gammafunk_ghost_grave
D:6:      minmay_chambers_of_fours, layout_cave_pools, uniq_eustachio,
          uniq_duvessa, uniq_edmund
D:7:      layout_loops_ring, uniq_joseph
D:8:      layout_loops_ring, nicolae_vehumet_altar_sigil, uniq_grum
D:9:      minmay_chambers_of_sixes, layout_cave_pools,
          minmay_orc_entry_temple_small
D:10:     layout_gridville, st_stairs_1, kennysheep_generic_room_15
Temple:   oiseaux_autumnal_temple

Skill      XL: |  1  2  3  4  5  6  7  8  9 10 |
---------------+-------------------------------+-----
Unarmed Combat | 3 5 6 7 9 10 11 | 11.3
Shields        | 2 3 5 6 7 9 |  9.7
Invocations    | 3 6 9 |  9.1
Fighting       | |  3.2
Armour         | |  1.7
Dodging        | |  0.8

Action                   |  1- 3 |  4- 6 |  7- 9 | 10-12 || total
-------------------------+-------+-------+-------+-------++-------
Melee: Unarmed           |    80 |    44 |   433 |   274 ||   831
       Punch             |       |       |     1 |       ||     1
Throw: Dart              |       |     2 |    35 |    23 ||    60
Invok: Bend Space        |       |       |     2 |    20 ||    22
       Banish            |       |       |       |     3 ||     3
Evoke: Wand              |       |       |       |     3 ||     3
  Use: Potion            |     1 |       |       |       ||     1
       Scroll            |       |       |       |    11 ||    11
Armor: Leather armour    |    10 |       |       |       ||    10
       Scale mail        |    31 |    18 |    79 |       ||   128
       Chain mail        |       |       |    32 |       ||    32
       Plate armour      |       |       |   104 |   125 ||   229
Dodge: Dodged            |    28 |     9 |   152 |    80 ||   269
Block: Kite shield       |       |       |    57 |    78 ||   135
       Buckler           |       |       |    45 |    26 ||    71

Table legend: (Time is in decaauts)
 A = Elapsed time spent in this place.
 B = Non-inter-level travel time spent in this place.
 C = Inter-level travel time spent in this place.
 D = Time resting spent in this place.
 E = Time spent auto-exploring this place.
 F = Levels seen in this place.
 G = Mean time per level.
                   A        B        C        D        E       F      G
               +--------+--------+--------+--------+--------+-----+--------+
         Total |  12793 |  12304 |    489 |   3192 |   6848 |  12 | 1066.1 |
       Dungeon |  12268 |  11812 |    456 |   2962 |   6609 |  10 | 1226.8 |
        Temple |    514 |    481 |     33 |    230 |    236 |   1 |  514.0 |
         Abyss |     10 |     10 |      0 |      0 |      3 |   1 |   10.0 |
               +--------+--------+--------+--------+--------+-----+--------+

Top non-repeatable levels by time:
     D:8: 2162 daAuts
     D:7: 1813 daAuts
     D:5: 1598 daAuts
     D:4: 1519 daAuts
     D:3: 1310 daAuts
     D:6: 1170 daAuts
     D:9: 1016 daAuts
     D:2: 707 daAuts
     D:1: 702 daAuts
  Temple: 514 daAuts
    D:10: 265 daAuts
 Abyss:1: 10 daAuts
